 Dungeon Crawl Stone Soup version 0.28-a0-1159-g27aa881441 (webtiles) character file.

Game seed: 4219126446826446178

7693 ducksouse the Carver (level 11, -1/95 HPs)
             Began as a Minotaur Fighter on Dec 16, 2021.
             Was a High Priest of Okawaru.
             Slain by Maggie (9 damage)
             ... on level 9 of the Dungeon.
             The game lasted 00:30:58 (10004 turns).

ducksouse the Carver (Minotaur Fighter)            Turns: 10004, Time: 00:31:00

Health: -1/95      AC: 11    Str: 26    XL:     11   Next: 0%
Magic:  0/10       EV: 13    Int:  5    God:    Okawaru [*****.]
Gold:   450        SH: 12    Dex: 21    Spells: 10/10 levels left

rFire   . . .      SeeInvis .   H - +2 whip (drain)
rCold   . . .      Faith    .   w - +0 kite shield
rNeg    . . .      Spirit   +   b - +0 scale mail
rPois   .          Reflect  .   (helmet restricted)
rElec   .          Harm     .   l - +0 cloak
rCorr   .          Rampage  .   (no gloves)
Will    .....                   j - +0 pair of boots
Stlth   +.........              P - amulet of guardian spirit
HPRegen 0.25/turn               K - +6 ring of strength
MPRegen 0.12/turn               F - +6 ring of dexterity

@: mighty, mesmerised, studying Polearms
A: horns 2, retaliatory headbutt
a: Renounce Religion, Heroism, Finesse, Duel


You were on level 9 of the Dungeon.
You worshipped Okawaru.
Okawaru was extremely pleased with you.
You visited 2 branches of the dungeon, and saw 10 of its levels.
You also visited: Ossuary.

You collected 570 gold pieces.
You spent 120 gold pieces at shops.

Inventory:

Hand Weapons
 a - a +0 long sword
 o - a +1 hunting sling of freezing
 H - a +2 whip of draining (weapon)
Missiles
 s - 23 poisoned darts (quivered)
 E - 2 throwing nets
Armour
 b - a +0 scale mail (worn)
 c - a +0 buckler
 j - a +0 pair of boots (worn)
 l - a +0 cloak (worn)
 w - a +0 kite shield (worn)
Jewellery
 k - a ring of flight
 B - a +4 ring of evasion
 F - a +6 ring of dexterity (right hand)
 J - a ring of fire
 K - a +6 ring of strength (left hand)
 L - a ring of willpower
 P - an amulet of guardian spirit (around neck)
Scrolls
 e - 6 scrolls of teleportation
 h - 3 scrolls of vulnerability
 n - a scroll of brand weapon
 q - 3 scrolls of fear {unknown}
 r - 2 scrolls of enchant armour {unknown}
 t - 2 scrolls of enchant weapon
 v - a scroll of noise {unknown}
 y - a scroll of blinking {unknown}
 A - a scroll of torment {unknown}
 I - a scroll of silence {unknown}
 N - a scroll of summoning {unknown}
Potions
 d - a potion of might
 f - a potion of haste {unknown}
 i - 2 potions of attraction
 m - 3 potions of degeneration
 u - 2 potions of berserk rage
 z - 2 potions of flight
 C - 2 potions of invisibility
 D - a potion of lignification
 M - a potion of mutation {unknown}
 O - a potion of resistance {unknown}
Miscellaneous
 G - a box of beasts


   Skills:
 + Level 8.6 Fighting
 + Level 10.5 Long Blades
 + Level 5.9 Maces & Flails
 + Level 1.6 Throwing
 + Level 9.5 Armour
 + Level 5.6 Dodging
 + Level 2.4 Stealth
 + Level 9.0 Shields
 + Level 1.1 Invocations
 + Level 1.6 Evocations


You had 10 spell levels left.
You didn't know any spells.
Your spell library contained the following spells:

 Spells                   Type           Power      Damage    Failure   Level
 Sandblast                Erth           0%         2d4       93%         1
 Slow                     Hex            0%         N/A       93%         1
 Passwall                 Tmut/Erth      0%         N/A       98%         2
 Confusing Touch          Hex            0%         N/A       100%        3
 Stone Arrow              Conj/Erth      0%         3d7       100%        3
 Vampiric Draining        Necr           0%         2d6       100%        3


Dungeon Overview and Level Annotations

Branches:
Dungeon (9/15)             Temple (1/1) D:5         Ossuary (visited)
   Lair: D:8-11         Orc: D:9-12

Altars:
Ashenzari
Cheibriados
Dithmenos
Elyvilon
Fedhas
Gozag
Hepliaklqana
Kikubaaqudgha
Makhleb
Nemelex Xobeh
Okawaru
Qazlal
Ru
Sif Muna
Trog
Uskayaw
Vehumet
Wu Jian
Yredelemnul
Zin
The Shining One
Beogh

Shops:
D:5 !

Annotations:
D:9 Maggie


Innate Abilities, Weirdness & Mutations

You have a pair of horns on your head.
You reflexively headbutt those who attack you in melee.


Message History

Press: ? - help, Q - select action, (/) - cycle Shift-Dir - straight line, f/p - Maggie
Aim: Maggie, wielding a +2 halberd of pain and wearing +0 steam dragon scales (heavily wounded, mesmerising, extremely poisoned, 66% to hit)
You throw a poisoned dart. The poisoned dart hits Maggie.
Maggie looks as sick as possible!
Maggie is heavily wounded.
You block Maggie's attack.
Throw: 27 darts (poison)
Press: ? - help, Q - select action, (/) - cycle Shift-Dir - straight line, f/p - Maggie
Aim: Maggie, wielding a +2 halberd of pain and wearing +0 steam dragon scales (heavily wounded, mesmerising, extremely poisoned, 66% to hit)
You throw a poisoned dart. The poisoned dart hits Maggie.
Maggie is heavily wounded.
You block Maggie's attack.
Throw: 26 darts (poison)
Press: ? - help, Q - select action, (/) - cycle Shift-Dir - straight line, f/p - Maggie
Aim: Maggie, wielding a +2 halberd of pain and wearing +0 steam dragon scales (heavily wounded, mesmerising, extremely poisoned, 66% to hit)
You throw a poisoned dart. The poisoned dart hits Maggie.
Maggie looks as sick as possible!
Maggie is heavily wounded.
Maggie hits you from afar with a +2 halberd of pain.
* * * LOW HITPOINT WARNING * * *
You writhe in agony.
* * * LOW HITPOINT WARNING * * *
Throw: 25 darts (poison)
Press: ? - help, Q - select action, (/) - cycle Shift-Dir - straight line, f/p - Maggie
Aim: Maggie, wielding a +2 halberd of pain and wearing +0 steam dragon scales (severely wounded, mesmerising, extremely poisoned, 66% to hit)
You throw a poisoned dart. The poisoned dart hits Maggie.
Maggie looks as sick as possible!
Maggie is severely wounded.
You block Maggie's attack.
Throw: 24 darts (poison)
Press: ? - help, Q - select action, (/) - cycle Shift-Dir - straight line, f/p - Maggie
Aim: Maggie, wielding a +2 halberd of pain and wearing +0 steam dragon scales (severely wounded, mesmerising, extremely poisoned, 66% to hit)
You throw a poisoned dart.
The poisoned dart closely misses Maggie.
You feel less wooden.
Your +0 cloak unmelds from your body.
Your +0 pair of boots unmelds from your body.
Your +0 scale mail unmelds from your body.
Maggie hits you from afar with a +2 halberd of pain!
You die...

#........ #........ . #.o......
...#############)....... ..
........)...).o)o..........
........†..oo.g...........#
##########))############..#
..........)(############..######
........(....))@†...............
#####........@)))....)).........
#................)..........
#...............))..........
##...(.......................
..................>..........
######...###########....).....
######...# #..########
.........###### #....


You could see Maggie (mesmerising, extremely poisoned).

Vanquished Creatures
  A centaur warrior (D:9)
  The ghost of avis the Grappler, a novice HOMo of Beogh (D:6)
  An ugly thing (D:7)
  2 trolls (D:7)
  Grinder (D:6)
  5 yaks (D:8)
  A vampire (D:9)
  5 water moccasins
  2 ice beasts
  2 black bears
  2 hornet zombies (Ossuary)
  2 orc warriors (D:9)
  A wolf (D:9)
  3 centaurs
  2 kobold brigands
  A bullfrog (D:8)
  5 scorpions
  A gnoll sergeant (D:9)
  A water moccasin zombie (Ossuary)
  3 water moccasin skeletons
  9 killer bees
  2 howler monkeys
  7 centaur zombies (Ossuary)
  3 quasits (D:6)
  6 bullfrog zombies (Ossuary)
  6 orc priests
  2 hounds
  A jelly (D:8)
  2 centaur skeletons
  8 iguanas
  13 mummies (Ossuary)
  10 orc wizards
  A killer bee zombie (D:8)
  A hound skeleton (D:4)
  A hound zombie (D:5)
  A howler monkey zombie (Ossuary)
  16 gnolls
  6 adders
  A shadow imp (D:6)
  2 white imps
  2 ufetubi
  A worm (D:4)
  A dart slug (D:1)
  21 orcs
  4 bats
  10 endoplasms
  3 giant cockroaches
  5 goblins
  3 hobgoblins
  2 jackals (D:3)
  12 kobolds
  A quokka (D:2)
  6 ball pythons
  5 frilled lizards
  5 rats (D:1)
221 creatures vanquished.

Vanquished Creatures (others)
  5 fungi (D:9)
  12 plants (D:9)
  3 withered plants (Ossuary)
20 creatures vanquished.

Grand Total: 241 creatures vanquished

Notes
Turn   | Place    | Note
-------+----------+-------------------------------------------
     0 | D:1      | ducksouse the Minotaur Fighter began the quest for the Orb.
     0 | D:1      | Reached XP level 1. HP: 19/19 MP: 0/0
    76 | D:1      | Reached XP level 2. HP: 19/27 MP: 1/1
   828 | D:2      | Reached XP level 3. HP: 33/33 MP: 2/2
   990 | D:2      | Found a faded altar of an unknown god.
  1060 | D:2      | Reached skill level 3 in Long Blades
  1623 | D:3      | Noticed a scorpion
  1642 | D:3      | Killed a scorpion
  1643 | D:3      | Reached skill level 4 in Long Blades
  1643 | D:3      | Reached XP level 4. HP: 41/41 MP: 3/3
  1975 | D:3      | Reached XP level 5. HP: 47/47 MP: 4/4
  2322 | D:3      | Reached skill level 1 in Dodging
  2340 | D:3      | Reached skill level 5 in Armour
  2625 | D:4      | Noticed Grinder
  2643 | D:4      | Paralysed by Grinder for 2 turns
  2734 | D:4      | Reached skill level 5 in Long Blades
  2734 | D:4      | Reached XP level 6. HP: 32/55 MP: 5/5
  3068 | D:4      | Noticed a water moccasin
  3072 | D:4      | Killed a water moccasin
  3073 | D:4      | Reached skill level 5 in Fighting
  3665 | D:5      | Entered Level 5 of the Dungeon
  3676 | D:5      | Found Lupum's Distillery.
  3683 | D:5      | Reached skill level 6 in Long Blades
  3719 | D:5      | Bought a potion of heal wounds for 75 gold pieces
  3719 | D:5      | Bought a potion of curing for 45 gold pieces
  3724 | D:5      | Reached XP level 7. HP: 61/61 MP: 6/6
  3869 | D:5      | Found a staircase to the Ecumenical Temple.
  3900 | Temple   | Entered the Ecumenical Temple
  4207 | Temple   | Became a worshipper of Warmaster Okawaru
  4522 | D:5      | Found a white marble altar of Elyvilon.
  4559 | D:5      | Reached skill level 7 in Long Blades
  4731 | D:5      | You are sucked into a shaft and drop 2 floors!
  4870 | D:6      | Found a sand-covered staircase.
  4880 | Ossuary  | Entered an ossuary
  4905 | Ossuary  | Reached XP level 8. HP: 50/70 MP: 7/7
  4934 | Ossuary  | Reached * piety under Okawaru
  5031 | Ossuary  | Reached skill level 8 in Long Blades
  5031 | Ossuary  | Reached skill level 5 in Shields
  5309 | Ossuary  | Reached skill level 9 in Long Blades
  5517 | D:6      | Paralysed by Grinder for 3 turns
  5523 | D:6      | Paralysed by Grinder for 6 turns
  5532 | D:6      | Reached ** piety under Okawaru
  5541 | D:6      | Paralysed by Grinder for 2 turns
  5545 | D:6      | Paralysed by Grinder for 2 turns
  5547 | D:6      | Killed Grinder
  5548 | D:6      | Reached XP level 9. HP: 44/78 MP: 8/8
  5737 | D:6      | Found a transporter.
  5800 | D:6      | Reached skill level 1 in Throwing
  5800 | D:6      | Reached skill level 1 in Evocations
  6024 | D:6      | Found a blossoming altar of Fedhas.
  6035 | D:6      | Found a sacrificial altar of Ru.
  6407 | D:6      | Found a stormy altar of Qazlal.
  6407 | D:6      | Found a glowing silver altar of Zin.
  6414 | D:6      | Found a hazy altar of Hepliaklqana.
  6414 | D:6      | Found a snail-covered altar of Cheibriados.
  6457 | D:6      | Noticed avis's ghost (novice HOMo)
  6472 | D:6      | Found a transporter.
  6512 | D:6      | Killed avis's ghost
  6512 | D:6      | Reached *** piety under Okawaru
  6513 | D:6      | Reached skill level 10 in Long Blades
  6513 | D:6      | Reached skill level 1 in Stealth
  7300 | D:7      | Noticed a troll
  7312 | D:7      | Killed a troll
  7393 | D:7      | Noticed a white ugly thing
  7440 | D:7      | Killed a white ugly thing
  7441 | D:7      | Reached skill level 1 in Maces & Flails
  7441 | D:7      | Reached XP level 10. HP: 19/88 MP: 9/9
  7842 | D:7      | Reached skill level 1 in Invocations
  8103 | D:7      | Reached **** piety under Okawaru
  8104 | D:7      | Reached skill level 5 in Dodging
  8455 | D:7      | Found a shimmering blue altar of Sif Muna.
  8464 | D:7      | Found an ancient bone altar of Kikubaaqudgha.
  8479 | D:7      | Found a radiant altar of Vehumet.
  9640 | D:9      | Noticed a centaur warrior
  9651 | D:9      | Killed a centaur warrior
  9652 | D:9      | Reached skill level 5 in Maces & Flails
  9919 | D:9      | Reached ***** piety under Okawaru
  9965 | D:9      | Noticed Maggie
  9976 | D:9      | Reached XP level 11. HP: 25/95 MP: 2/10
 10004 | D:9      | Slain by Maggie

Illustrated notes

Levels and vault maps discovered:
D:1:      mrwooster_arrival_statue_2, layout_rooms
D:2:      layout_loops_corners, shapermc_ecumenical_altar_mp_vishouse
D:3:      layout_basic, minmay_parallelograms, kennysheep_orc_chapel
D:4:      layout_loops_ring, uniq_grinder
D:5:      layout_cave_pools, mainiacjoe_overflow_paths,
          minmay_temple_entry_statues, nicolae_stop_n_shop_2,
          minmay_stone_trees_small
D:6:      layout_loops_corners, minmay_overflow_temple_hex,
          gammafunk_ghost_stat_death, nicolae_ossuary_entry_monument
D:7:      layout_loops_ring, palyth_temple_overflow_mages, minmay_manual_mail
D:8:      layout_loops_ring
D:9:      layout_long_grid, minmay_lair_entry_grove, orc_0_dummy,
          ebering_ghost_inner_flame, wad_rectangle_vault, uniq_joseph,
          uniq_maggie
Temple:   minmay_temple_curvy_loop

Skill      XL: |  1  2  3  4  5  6  7  8  9 10 |
---------------+-------------------------------+-----
Fighting       | 4 5 6 7 8 |  8.6
Armour         | 4 5 6 7 8 9 |  9.5
Long Blades    | 4 5 6 7 9 10 | 10.5
Shields        | 4 5 6 9 |  9.0
Dodging        | 1 3 4 5 |  5.6
Throwing       | 1 |  1.6
Evocations     | 1 |  1.6
Stealth        | 2 |  2.4
Maces & Flails | 1 5 |  5.9
Invocations    | 1 |  1.1

Action                   |  1- 3 |  4- 6 |  7- 9 | 10-12 || total
-------------------------+-------+-------+-------+-------++-------
Melee: Long sword        |    73 |    93 |   287 |       ||   453
       Headbutt          |    12 |    20 |    91 |    59 ||   182
       Whip              |       |       |    41 |   201 ||   242
Throw: Dart              |       |     5 |     8 |    24 ||    37
Invok: Heroism           |       |       |     3 |     2 ||     5
Evoke: Wand              |       |       |     8 |    13 ||    21
  Use: Potion            |       |       |     8 |    12 ||    20
       Scroll            |       |       |       |    10 ||    10
Armor: Scale mail        |    43 |    28 |   174 |    65 ||   310
       Skin              |       |       |       |    58 ||    58
Dodge: Dodged            |    40 |    33 |   157 |   101 ||   331
Block: Buckler           |    20 |    16 |     1 |       ||    37
       Kite shield       |       |       |   169 |   201 ||   370

Table legend: (Time is in decaauts)
 A = Elapsed time spent in this place.
 B = Non-inter-level travel time spent in this place.
 C = Inter-level travel time spent in this place.
 D = Time resting spent in this place.
 E = Time spent auto-exploring this place.
 F = Levels seen in this place.
 G = Mean time per level.
                   A        B        C        D        E       F      G
               +--------+--------+--------+--------+--------+-----+--------+
         Total |  10096 |   9647 |    449 |   1356 |   5468 |  11 |  917.8 |
       Dungeon |   9060 |   8719 |    341 |   1197 |   5095 |   9 | 1006.7 |
        Temple |    376 |    268 |    108 |      0 |    261 |   1 |  376.0 |
       Ossuary |    658 |    658 |      0 |    159 |    112 |   1 |  658.0 |
               +--------+--------+--------+--------+--------+-----+--------+

Top non-repeatable levels by time:
     D:6: 1868 daAuts
     D:7: 1524 daAuts
     D:4: 1099 daAuts
     D:3: 1009 daAuts
     D:2: 942 daAuts
     D:8: 796 daAuts
     D:1: 681 daAuts
     D:5: 666 daAuts
 Ossuary: 658 daAuts
     D:9: 472 daAuts
  Temple: 376 daAuts
